 Dungeon Crawl Stone Soup version 0.19-a0-1493-gd0fcaa6 (webtiles) character file.

220 Leszczynek the Cudgeler (level 5, -1/55 HPs)
             Began as an Ogre Necromancer on Sept 9, 2016.
             Was an Initiate of Okawaru.
             Slain by a jackal (3 damage)
             ... on level 5 of the Dungeon.
             The game lasted 00:10:32 (1372 turns).

Leszczynek the Cudgeler (Ogre Necromancer)          Turns: 1372, Time: 00:10:34

Health: -1/55      AC:  3    Str: 14    XL:     5   Next: 97%
Magic:  2/8        EV: 10    Int: 19    God:    Okawaru [......]
Gold:   77         SH:  0    Dex: 12    Spells: 2 memorised, 6 levels left

rFire  . . .     SeeInvis .     a - +0 war axe
rCold  . . .     Gourm    +     i - +0 robe (curse)
rNeg   . . .     Faith    .     (no shield)
rPois  .         Spirit   .     (helmet restricted)
rElec  .         Dismiss  .     (no cloak)
rCorr  .         Reflect  .     (gloves unavailable)
MR     .....     Harm     .     (boots unavailable)
Stlth  +++.......               x - amulet of the gourmand
                                (no ring)
                                f - ring of stealth

@: brilliant, lethally poisoned (-1 -> -3)
A: unfitting armour, thin skeletal structure 1, tough skin 1
a: Renounce Religion


You were on level 5 of the Dungeon.
You worshipped Okawaru.
Okawaru was noncommittal.
You were not hungry.

You visited 1 branch of the dungeon, and saw 5 of its levels.

You collected 77 gold pieces.

Inventory:

Hand Weapons
 a - a +0 war axe (weapon)
 b - the +10 arbalest of Leszczynek's Woe {venom, rF+}
   (You found it on level 4 of the Dungeon)

   It poisons the ammo it fires.
   It protects you from fire.
 j - a +0 club
 l - a +0 blowgun
Missiles
 e - 2 javelins (quivered)
 u - 8 poisoned needles
Armour
 i - a cursed +0 robe (worn)
Jewellery
 f - a ring of stealth (left hand)
 x - an amulet of the gourmand (around neck)
Wands
 k - a wand of iceblast (7/15)
Scrolls
 n - a scroll of magic mapping {unknown}
 o - a scroll of enchant weapon {unknown}
 r - a scroll of fog {unknown}
 s - 2 scrolls of blinking {unknown}
 t - a scroll of teleportation {unknown}
Books
 h - a book of Necromancy

   Spells                             Type                      Level
   a - Pain                           Necromancy                   1
   b - Animate Skeleton               Necromancy                   1
   c - Vampiric Draining              Necromancy                   3
   d - Regeneration                   Charms/Necromancy            3
   e - Animate Dead                   Necromancy                   4
   f - Control Undead                 Necromancy                   4
Comestibles
 c - 4 chunks of flesh
 d - 2 bread rations
 q - a royal jelly
 v - a beef jerky
 w - a meat ration


   Skills:
 - Level 4.8 Fighting
 + Level 5.2 Maces & Flails
 - Level 1.7 Dodging
 - Level 1.5 Stealth
 - Level 2.4 Spellcasting
 - Level 2.9 Necromancy


You had 6 spell levels left.
You knew the following spells:

 Your Spells              Type           Power        Failure   Level  Hunger
a - Pain                  Necr           ####         1%          1    #......
b - Animate Skeleton      Necr           N/A          1%          1    #......


Dungeon Overview and Level Annotations

Branches:
Dungeon (5/15)             Temple (0/1) D:4

Altars:
Fedhas
Okawaru
Xom

Annotations:
D:4 Leszczynek's ghost, amateur OgNe


Innate Abilities, Weirdness & Mutations

You are too large for most types of armour.
You have tough skin. (AC +1)
You have a somewhat thin skeletal structure. (Dex +2, Stealth)


Message History

You feel sick. The jackal misses you. The jackal bites you.
* * * LOW HITPOINT WARNING * * *
Unknown command.
You barely miss the jackal.
The jackal is heavily wounded.
You feel sick. The jackal barely misses you.
Unknown command.
You hit the jackal but do no damage.
The jackal is heavily wounded.
You feel sick. The jackal bites you.
* * * LOW HITPOINT WARNING * * *
The jackal bites you but does no damage. x2
The jackal bites you.
* * * LOW HITPOINT WARNING * * *
You completely miss the jackal. You closely miss the jackal.
* * * LOW HITPOINT WARNING * * *
You feel sick. The jackal closely misses you. The jackal completely misses you.
The jackal bites you but does no damage.
The jackal bites you.
You die...

.5 .. ..##? ##
...#.. ..
.....#.##
..#<....
#.#...?#
#.#..5.#
####.###h.#
#......@h(#
#......##.#
#......# ...
#.>....#####.#
#..........# #
#####.####.#
#...# ###.#
######.##


You could see a crimson imp and 2 jackals.

Vanquished Creatures
  A scorpion (D:5)
  A crimson imp (D:3)
  2 orc wizards (D:4)
  Natasha (D:2)
  3 adders
  2 dart slugs (D:2)
  2 giant geckos (D:1)
  2 orcs (D:4)
  2 giant cockroaches
  A hobgoblin (D:3)
  7 jackals
  6 kobolds
  A ball python (D:2)
  2 bats
  2 giant newts
  2 goblins
  3 rats
40 creatures vanquished.

Vanquished Creatures (collateral kills)
  An orc (D:3)
  A hobgoblin (D:3)
  A giant newt (D:3)
3 creatures vanquished.

Grand Total: 43 creatures vanquished

Notes
Turn   | Place    | Note
-------+----------+-------------------------------------------
     0 | D:1      | Leszczynek the Ogre Necromancer began the quest for the Orb.
     0 | D:1      | Reached XP level 1. HP: 16/16 MP: 3/3
     2 | D:1      | Learned a level 1 spell: Animate Skeleton
    75 | D:1      | Reached skill level 1 in Fighting
   152 | D:1      | Reached skill level 2 in Fighting
   152 | D:1      | Reached XP level 2. HP: 27/28 MP: 1/5
   292 | D:2      | Reached skill level 3 in Fighting
   331 | D:2      | Reached XP level 3. HP: 18/37 MP: 2/6
   466 | D:2      | Noticed Natasha
   479 | D:2      | Killed Natasha
   479 | D:2      | Reached skill level 4 in Fighting
   565 | D:3      | Found a shimmering altar of Xom.
   568 | D:3      | Reached XP level 4. HP: 37/49 MP: 3/7
   672 | D:3      | Reached skill level 1 in Maces & Flails
   701 | D:3      | Found a blossoming altar of Fedhas.
   780 | D:4      | Noticed Leszczynek's ghost (amateur OgNe)
   816 | D:3      | Reached skill level 2 in Maces & Flails
   837 | D:3      | Found an iron altar of Okawaru.
   848 | D:3      | Became a worshipper of Warmaster Okawaru
   918 | D:3      | Reached skill level 3 in Maces & Flails
   989 | D:2      | Reached XP level 5. HP: 37/55 MP: 8/8
  1165 | D:4      | Gained mutation: You have a somewhat thin skeletal structure. (Dex +2, Stealth) [potion of beneficial mutation]
  1169 | D:4      | Reached skill level 4 in Maces & Flails
  1191 | D:4      | Found a staircase to the Ecumenical Temple.
  1194 | D:4      | Got a bone arbalest
  1195 | D:4      | Identified the +10 arbalest of Leszczynek's Woe {venom, rF+} (You found it on level 4 of the Dungeon)
  1296 | D:5      | Entered Level 5 of the Dungeon
  1368 | D:5      | Reached skill level 5 in Maces & Flails
  1371 | D:5      | HP: 3/55 [jackal (3)]
  1372 | D:5      | Slain by a jackal

Vault maps used:
D:1:      minmay_arrival_wavy_path
D:2:      uniq_natasha
D:3:      overflow_temple_1_default, nicolae_overflow_crystal_walls,
          fedhas_altar_1
D:4:      lightli_ossuary_entry_decrepit_ruins, uniq_crazy_yiuf_cottage
D:5:      gammafunk_temple_overflow_claw, led_sif_book, first_bread, hex_tiny

Skill      XL: |  1  2  3  4  5 |
---------------+----------------+-----
Fighting       | 2 3 4 |  4.8
Maces & Flails | 3 5 |  5.2
Dodging        | |  1.7
Stealth        | |  1.5
Spellcasting   | |  2.4
Necromancy     | |  2.9

Action                   |  1- 3 |  4- 6 || total
-------------------------+-------+-------++-------
Melee: Unarmed           |     2 |       ||     2
       Dagger            |    10 |     4 ||    14
       War axe           |       |    77 ||    77
Throw: Javelin           |     8 |     2 ||    10
 Cast: Pain              |    28 |    16 ||    44
       Animate Skeleton  |     1 |     5 ||     6
Evoke: Wand              |     2 |       ||     2
  Use: Scroll            |     1 |       ||     1
       Potion            |       |     5 ||     5
 Stab: Sleeping          |     1 |     3 ||     4
  Eat: Chunk             |       |     5 ||     5
Armor: Robe              |    19 |    30 ||    49
Dodge: Dodged            |    26 |    54 ||    80
